 Dungeon Crawl Stone Soup version 0.31-a0-185-g9dded2c639 (webtiles) character file.

Game seed: 5253322785921734508

5835 qw the Markself (level 10, -4/59 HPs)
             Began as a Deep Elf Hunter on June 22, 2023.
             Was a Follower of Okawaru.
             Slain by a death yak (16 damage)
             ... on level 10 of the Dungeon.
             The game lasted 00:03:54 (8504 turns).

qw the Markself (Deep Elf Hunter)                   Turns: 8504, Time: 00:03:55

Health: -4/59      AC: 12    Str: 12    XL:     10   Next: 51%
Magic:  14/15      EV: 15    Int: 15    God:    Okawaru [*.....]
Gold:   620        SH:  5    Dex: 18    Spells: 9/9 levels left

rFire   . . .        u - +0 orcbow (drain)
rCold   . . .        (shield currently unavailable)
rNeg    . . .        k - +1 ring mail {rPois}
rPois   +            h - +2 helmet
rElec   .            n - +0 cloak
rCorr   .            (no gloves)
SInv    .            m - +0 pair of boots
Will    +....        b - amulet of reflection
Stlth   +            (no ring)
HPRegen 0.29/turn    (no ring)
MPRegen 0.14/turn

%: reflection
@: about to teleport
A: no striking features
a: Renounce Religion, Heroism


You were on level 10 of the Dungeon.
You worshipped Okawaru.
Okawaru was aware of your devotion.
You visited 2 branches of the dungeon, and saw 11 of its levels.

You collected 620 gold pieces.


   Skills:
 + Level 5.1 Fighting
 - Level 16.0 Ranged Weapons
 - Level 3.0 Armour
 - Level 8.4 Dodging
 - Level 1.2 Stealth
 - Level 4.0 Invocations


You had 9 spell levels left.
You didn't know any spells.
Your spell library was empty.

Inventory:

Hand Weapons
 u - a +0 orcbow of draining (weapon)
Armour
 d - a +0 troll leather armour
 h - a +2 helmet (worn)
 k - a +1 ring mail of poison resistance (worn)
 m - a +0 pair of boots (worn)
 n - a +0 cloak (worn)
 o - a +0 scale mail of fire resistance
Jewellery
 b - an amulet of reflection (around neck)
 g - a ring of poison resistance
 i - a ring of ice
Wands
 e - a wand of digging (16)
Scrolls
 j - a scroll of identify
 l - a scroll of teleportation
Potions
 a - a potion of enlightenment
 c - 3 potions of curing
 f - 2 potions of haste
 p - a potion of magic {unknown}
 q - a potion of might {unknown}
 r - a potion of berserk rage {unknown}
 s - a potion of mutation {unknown}
 t - a potion of brilliance {unknown}
 v - a potion of cancellation {unknown}

Dungeon Overview and Level Annotations

Branches:
Dungeon (10/15)            Temple (1/1) D:4             Orc (0/2) D:9
   Lair: D:8-11

Altars:
Ashenzari
Cheibriados
Dithmenos
Elyvilon
Fedhas
Gozag
Hepliaklqana
Kikubaaqudgha
Makhleb
Nemelex Xobeh
Okawaru
Qazlal
Ru
Sif Muna
Trog
Uskayaw
Vehumet
Xom
Yredelemnul
Zin
The Shining One

Shops:
D:6 =

Annotations:
D:8 exclusion: 3 electric eels


Message History

The death yak is heavily wounded.
A cyan ugly thing comes into view.
A death yak comes into view.
You shoot an arrow. The death yak bellows!
The arrow hits the death yak but does no damage.
You drain the death yak.
The death yak is heavily wounded.
You shoot an arrow. The arrow hits the death yak.
You drain the death yak.
The death yak is severely wounded.
A river rat comes into view.
You shoot an arrow. The arrow barely misses the death yak.
You shoot an arrow. The arrow hits the death yak.
The death yak is severely wounded.
The death yak gores you!
A death yak comes into view.
You shoot an arrow.
The arrow completely misses the death yak.
The death yak bellows!
The hell rat completely misses you. The death yak gores you!
You shoot an arrow. The arrow hits the death yak.
The death yak is severely wounded.
You block the hell rat's attack.
You shoot an arrow. The arrow hits the death yak!
You drain the death yak.
The death yak is almost dead.
The hell rat bites you but does no damage.
The death yak gores you but does no damage.
You shoot an arrow. The arrow hits the death yak.
The death yak is almost dead.
The hell rat bites you.
The cyan ugly thing completely misses you.
You shoot an arrow.
The arrow barely misses the cyan ugly thing.
The hell rat bites you but does no damage.
The cyan ugly thing pecks you. The cyan ugly thing shocks you!
8504 ||| READING 2 scrolls of teleportation.
As you read the scroll of teleportation, it crumbles to dust.
You feel strangely unstable.
You feel like a meek peon again. You block the hell rat's attack.
The death yak gores you!
You die...

#........
.##.....$.
...#......
.......r## .
#.......# #..
..#....Y..#....
#.....uYrr..#
..#....@..#
...####.###
##...##.#########
.................
.##...#...#...#..
#..............)
.................
.....)..<[.......
#................


You could see 2 death yaks, a cyan ugly thing, a hell rat, a river rat and a
quokka.

Vanquished Creatures
  Fannar (D:10)
  Maurice (D:8)
  A komodo dragon (D:9)
  2 trolls
  A shadow (D:6)
  Sigmund (D:3)
  A wyvern (D:7)
  2 wraiths (D:9)
  3 vampire mosquitoes (D:9)
  A steam dragon (D:6)
  An acid dragon (D:9)
  A water moccasin (D:8)
  An ice beast (D:7)
  An ogre (D:4)
  3 centaurs (D:9)
  A kobold brigand (D:6)
  2 phantoms
  3 scorpions
  3 gnoll sergeants
  9 wights
  3 killer bees (D:9)
  5 electric eels (D:8)
  A howler monkey (D:9)
  3 hounds
  2 jellies
  An orc priest (D:5)
  Jessica (D:3)
  2 gnoll boudas
  Ijyb (D:3)
  3 sleepcaps
  5 iguanas
  Robin (D:3)
  19 gnolls
  4 adders
  A shadow imp (D:6)
  2 white imps
  An ufetubus (D:4)
  A worm (D:2)
  2 dart slugs
  20 orcs
  10 ball pythons
  4 bats
  7 endoplasms
  4 giant cockroaches
  13 goblins
  10 hobgoblins
  4 jackals
  4 quokkas
  2 frilled lizards (D:1)
  16 kobolds
  4 rats
195 creatures vanquished.

Vanquished Creatures (others)
  A kobold brigand (D:9)
1 creature vanquished.

Grand Total: 196 creatures vanquished

Notes
Turn   | Place    | Note
-------+----------+-------------------------------------------
     0 | D:1      | qw the Deep Elf Hunter began the quest for the Orb.
     0 | D:1      | Reached XP level 1. HP: 12/12 MP: 3/3
     0 | D:1      | 0 ||| qw: Version: 0.3-a-9-g12657ce
     0 | D:1      | 0 ||| qw: Game counter: 1824
     0 | D:1      | 0 ||| qw: Always use a shield: true
     0 | D:1      | 0 ||| qw: God list: Okawaru
     0 | D:1      | 0 ||| qw: Allow faded altars: false
     0 | D:1      | 0 ||| qw: Do Orc after D:15 true
     0 | D:1      | 0 ||| qw: Do second Lair branch before Depths: true
     0 | D:1      | 0 ||| qw: Lair rune preference: random
     0 | D:1      | 0 ||| qw: Plans: Normal
     0 | D:1      | 0 ||| PLANNING D:1-11
   260 | D:1      | Reached skill level 6 in Ranged Weapons
   260 | D:1      | Reached XP level 2. HP: 10/16 MP: 4/4
   350 | D:1      | 350 ||| FLEEEEING.
   351 | D:1      | 351 ||| FLEEEEING.
   445 | D:1      | Found a faded altar of an unknown god.
   445 | D:1      | Noticed a Hell Sentinel
   489 | D:1      | HP: 4/16 [poisoned by a kobold]
   754 | D:1      | 754 ||| UPGRADING to +1 hat.
   759 | D:1      | 759 ||| UPGRADING to +0 scale mail.
   769 | D:1      | 769 ||| DROPPING +0 leather armour.
   770 | D:1      | 770 ||| UPGRADING to ring of poison resistance.
   771 | D:1      | 771 ||| READING scroll labelled ZOORGH VOEH.
   772 | D:1      | 772 ||| READING scroll labelled RECAGUKLUTZ.
   873 | D:1      | 873 ||| DRINKING 2 bubbling pink potions.
   874 | D:1      | 874 ||| DROPPING scroll of butterflies.
   916 | D:2      | Found an opulent altar of Gozag.
   933 | D:2      | Reached XP level 3. HP: 20/20 MP: 5/5
  1060 | D:2      | Reached skill level 7 in Ranged Weapons
  1237 | D:2      | 1237 ||| READING scroll labelled BAAXEODOISS.
  1238 | D:2      | 1238 ||| READING scroll labelled ITUIXKOM WIUWN.
  1239 | D:2      | 1239 ||| READING scroll labelled ORUOFE YWEKH.
  1258 | D:3      | Noticed Sigmund
  1264 | D:3      | 1264 ||| STAIRDANCE
  1293 | D:3      | 1293 ||| STAIRDANCE
  1299 | D:3      | 1299 ||| STAIRDANCE
  1347 | D:3      | 1347 ||| STAIRDANCE
  1359 | D:3      | HP: 1/20 [something/magic dart (6)]
  1360 | D:3      | 1360 ||| DRINKING potion of heal wounds.
  1364 | D:3      | 1364 ||| FLEEEEING.
  1365 | D:3      | 1365 ||| STAIRDANCE
  1408 | D:3      | 1408 ||| STAIRDANCE
  1418 | D:3      | Noticed Jessica
  1423 | D:3      | 1423 ||| STAIRDANCE
  1423 | D:3      | HP: 4/20 [Sigmund/+0 scythe (6)]
  1492 | D:3      | Killed Jessica
  1493 | D:3      | Reached XP level 4. HP: 25/25 MP: 6/6
  1493 | D:3      | 1493 ||| STAIRDANCE
  1506 | D:3      | 1506 ||| STAIRDANCE
  1536 | D:3      | Killed Sigmund
  1537 | D:3      | Reached skill level 9 in Ranged Weapons
  1537 | D:3      | Reached XP level 5. HP: 29/29 MP: 7/7
  1670 | D:3      | Noticed Robin
  1679 | D:3      | Killed Robin
  1680 | D:3      | Reached XP level 6. HP: 31/35 MP: 8/8
  1697 | D:3      | You fall into a shaft and drop 1 floor!
  1739 | D:4      | Found a snail-covered altar of Cheibriados.
  1753 | D:4      | 1753 ||| UPGRADING to +0 ring mail of positive energy.
  1763 | D:4      | 1763 ||| UPGRADING to +0 helmet.
  1773 | D:4      | 1773 ||| DROPPING +1 hat.
  1774 | D:4      | 1774 ||| DROPPING +0 scale mail.
  1775 | D:4      | 1775 ||| UPGRADING to amulet of reflection.
  1780 | D:4      | 1780 ||| DROPPING ring of flight.
  1781 | D:4      | 1781 ||| READING scroll labelled ELOMOX LUAX.
  1897 | D:3      | Noticed Ijyb
  1900 | D:3      | Killed Ijyb
  2061 | D:3      | 2061 ||| READING scroll labelled RILAIGERROANE.
  2289 | D:4      | HP: 8/35 [sleepcap (11)]
  2407 | D:4      | Reached skill level 10 in Ranged Weapons
  2465 | D:4      | 2465 ||| FLEEEEING.
  2466 | D:4      | 2466 ||| FLEEEEING.
  2467 | D:4      | 2467 ||| FLEEEEING.
  2468 | D:4      | 2468 ||| FLEEEEING.
  2469 | D:4      | 2469 ||| FLEEEEING.
  2475 | D:4      | Reached skill level 3 in Dodging
  2508 | D:4      | Found a staircase to the Ecumenical Temple.
  2509 | D:4      | 2509 ||| PLANNING TEMPLE
  2509 | D:4      | 2509 ||| UPGRADING to +1 ring mail of poison resistance.
  2519 | D:4      | 2519 ||| REMOVING ring of poison resistance.
  2520 | D:4      | 2520 ||| DROPPING +0 ring mail of positive energy.
  2526 | Temple   | Entered the Ecumenical Temple
  2562 | Temple   | 2562 ||| PLANNING OKAWARU WORSHIP
  2596 | Temple   | Became a worshipper of Warmaster Okawaru
  2597 | Temple   | 2597 ||| PLANNING D:1-11
  2745 | D:4      | Reached skill level 1 in Armour
  2745 | D:4      | Reached XP level 7. HP: 40/40 MP: 9/9
  2925 | D:4      | 2925 ||| READING scroll labelled UKUNE ZEISU.
  2966 | D:5      | Entered Level 5 of the Dungeon
  3140 | D:5      | Reached skill level 11 in Ranged Weapons
  3297 | D:5      | Found a white marble altar of Elyvilon.
  3571 | D:5      | Reached * piety under Okawaru
  3654 | D:5      | 3654 ||| UPGRADING to +0 pair of boots.
  3659 | D:5      | 3659 ||| READING scroll labelled YQINOTWOFIE.
  3660 | D:5      | 3660 ||| DRINKING 2 fuming cyan potions.
  3661 | D:5      | 3661 ||| READING 3 scrolls of identify.
  3661 | D:5      | 3661 ||| IDENTIFYING puce potion
  3662 | D:5      | 3662 ||| READING 2 scrolls of identify.
  3662 | D:5      | 3662 ||| IDENTIFYING silvery potion
  3663 | D:5      | 3663 ||| DROPPING potion of attraction.
  3724 | D:6      | Reached skill level 12 in Ranged Weapons
  3724 | D:6      | Reached skill level 1 in Invocations
  3741 | D:6      | Found Walatz's Jewellery Shoppe.
  3744 | D:6      | 3744 ||| SHOPLISTING +6 ring of dexterity (504 gold, have
                  | 340).
  3744 | D:6      | 3744 ||| SHOPLISTING Hermit's Pendant {Faith Invo=14 Evo=0
                  | MP+5} (805 gold, have 340).
  3744 | D:6      | 3744 ||| SHOPLISTING ring of ice (350 gold, have 340).
  3744 | D:6      | 3744 ||| SHOPLISTING ring of protection from cold (350
                  | gold, have 340).
  3744 | D:6      | 3744 ||| SHOPLISTING ring of protection from fire (350
                  | gold, have 340).
  3772 | D:6      | 3772 ||| INVOKING Heroism.
  3850 | D:6      | Reached XP level 8. HP: 45/45 MP: 11/11
  3958 | D:6      | Found a hazy altar of Hepliaklqana.
  4088 | D:6      | 4088 ||| INVOKING Heroism.
  4093 | D:6      | Reached skill level 3 in Fighting
  4191 | D:6      | 4191 ||| FLEEEEING.
  4192 | D:6      | 4192 ||| FLEEEEING.
  4193 | D:6      | 4193 ||| FLEEEEING.
  4201 | D:6      | 4201 ||| FLEEEEING.
  4202 | D:6      | 4202 ||| FLEEEEING.
  4203 | D:6      | 4203 ||| FLEEEEING.
  4204 | D:6      | 4204 ||| FLEEEEING.
  4205 | D:6      | 4205 ||| FLEEEEING.
  4206 | D:6      | 4206 ||| FLEEEEING.
  4207 | D:6      | 4207 ||| FLEEEEING.
  4208 | D:6      | 4208 ||| FLEEEEING.
  4209 | D:6      | 4209 ||| FLEEEEING.
  4441 | D:6      | 4441 ||| INVOKING Heroism.
  4445 | D:6      | 4445 ||| Stepping ~*~*~tactically~*~*~ (cloud).
  4453 | D:6      | Reached skill level 3 in Invocations
  4453 | D:6      | 4453 ||| Stepping ~*~*~tactically~*~*~ (cloud).
  4454 | D:6      | 4454 ||| Stepping ~*~*~tactically~*~*~ (cloud).
  4518 | D:6      | 4518 ||| INVOKING Heroism.
  4762 | D:6      | 4762 ||| READING 2 scrolls of identify.
  4762 | D:6      | 4762 ||| IDENTIFYING golden potion
  4880 | D:7      | Reached skill level 13 in Ranged Weapons
  4946 | D:7      | 4946 ||| INVOKING Heroism.
  4987 | D:7      | Reached XP level 9. HP: 51/51 MP: 14/14
  4997 | D:7      | Found a shimmering blue altar of Sif Muna.
  4997 | D:7      | Found an opulent altar of Gozag.
  5084 | D:7      | Found a hide-covered altar of Uskayaw.
  5086 | D:7      | Found a stormy altar of Qazlal.
  5089 | D:7      | Found a burning altar of Makhleb.
  5335 | D:7      | 5335 ||| READING 2 scrolls labelled QEPU POATT.
  5336 | D:7      | 5336 ||| READING scroll of enchant armour.
  5336 | D:7      | 5336 ||| ENCHANTING +0 helmet.
  5366 | D:8      | Noticed Maurice
  5377 | D:8      | Killed Maurice
  5377 | D:8      | Reached ** piety under Okawaru
  5378 | D:8      | Reached skill level 14 in Ranged Weapons
  5510 | D:8      | 5510 ||| INVOKING Heroism.
  5520 | D:8      | 5520 ||| UPGRADING to +0 cloak.
  5726 | D:8      | 5726 ||| DRINKING 3 fuming dark potions.
  5731 | D:8      | 5731 ||| INVOKING Heroism.
  5770 | D:8      | 5770 ||| DRINKING 2 smoky blue potions.
  5771 | D:8      | 5771 ||| DROPPING 2 potions of lignification.
  5772 | D:8      | 5772 ||| DROPPING potion of degeneration.
  5956 | D:8      | 5956 ||| READING scroll of enchant weapon.
  5956 | D:8      | 5956 ||| ENCHANTING +1 shortbow of electrocution.
  5964 | D:8      | Noticed a troll
  5965 | D:8      | 5965 ||| INVOKING Heroism.
  5966 | D:8      | 5966 ||| Stepping ~*~*~tactically~*~*~ (outnumbered).
  5981 | D:8      | Killed a troll
  5982 | D:8      | Reached skill level 3 in Armour
  6146 | D:8      | 6146 ||| INVOKING Heroism.
  6250 | D:8      | 6250 ||| INVOKING Heroism.
  6254 | D:8      | 6254 ||| DROPPING ring of magical power.
  6337 | D:8      | 6337 ||| FLEEEEING.
  6424 | D:8      | 6424 ||| INVOKING Heroism.
  6457 | D:8      | 6457 ||| INVOKING Heroism.
  6494 | D:8      | 6494 ||| INVOKING Heroism.
  6639 | D:9      | Found an ancient bone altar of Kikubaaqudgha.
  6660 | D:9      | 6660 ||| INVOKING Heroism.
  6741 | D:8      | 6741 ||| READING scroll of enchant armour.
  6741 | D:8      | 6741 ||| ENCHANTING +1 helmet.
  6801 | D:8      | 6801 ||| Stepping ~*~*~tactically~*~*~ (outnumbered).
  6857 | D:8      | 6857 ||| INVOKING Heroism.
  6887 | D:8      | 6887 ||| INVOKING Heroism.
  6891 | D:8      | Reached skill level 6 in Dodging
  6914 | D:8      | 6914 ||| INVOKING Heroism.
  6983 | D:9      | 6983 ||| Stepping ~*~*~tactically~*~*~ (outnumbered).
  7210 | D:9      | 7210 ||| INVOKING Heroism.
  7266 | D:9      | Reached XP level 10. HP: 45/59 MP: 15/15
  7352 | D:9      | 7352 ||| SWAPPING to +0 orcbow.
  7374 | D:9      | 7374 ||| DROPPING +2 shortbow of electrocution.
  7470 | D:9      | 7470 ||| INVOKING Heroism.
  7481 | D:9      | 7481 ||| FLEEEEING.
  7483 | D:9      | 7483 ||| FLEEEEING.
  7484 | D:9      | 7484 ||| FLEEEEING.
  7485 | D:9      | 7485 ||| FLEEEEING.
  7486 | D:9      | 7486 ||| FLEEEEING.
  7487 | D:9      | 7487 ||| FLEEEEING.
  7488 | D:9      | 7488 ||| FLEEEEING.
  7489 | D:9      | 7489 ||| FLEEEEING.
  7490 | D:9      | 7490 ||| FLEEEEING.
  7491 | D:9      | 7491 ||| FLEEEEING.
  7492 | D:9      | 7492 ||| FLEEEEING.
  7493 | D:9      | 7493 ||| FLEEEEING.
  7494 | D:9      | 7494 ||| FLEEEEING.
  7496 | D:9      | 7496 ||| FLEEEEING.
  7497 | D:9      | 7497 ||| FLEEEEING.
  7498 | D:9      | 7498 ||| FLEEEEING.
  7499 | D:9      | 7499 ||| FLEEEEING.
  7500 | D:9      | 7500 ||| FLEEEEING.
  7501 | D:9      | 7501 ||| FLEEEEING.
  7502 | D:9      | 7502 ||| FLEEEEING.
  7503 | D:9      | 7503 ||| FLEEEEING.
  7504 | D:9      | 7504 ||| FLEEEEING.
  7505 | D:9      | 7505 ||| FLEEEEING.
  7506 | D:9      | 7506 ||| FLEEEEING.
  7507 | D:9      | 7507 ||| FLEEEEING.
  7508 | D:9      | 7508 ||| FLEEEEING.
  7509 | D:9      | 7509 ||| FLEEEEING.
  7510 | D:9      | 7510 ||| FLEEEEING.
  7511 | D:9      | 7511 ||| FLEEEEING.
  7512 | D:9      | 7512 ||| FLEEEEING.
  7513 | D:9      | 7513 ||| FLEEEEING.
  7514 | D:9      | 7514 ||| FLEEEEING.
  7515 | D:9      | 7515 ||| FLEEEEING.
  7516 | D:9      | 7516 ||| FLEEEEING.
  7517 | D:9      | 7517 ||| FLEEEEING.
  7518 | D:9      | 7518 ||| FLEEEEING.
  7519 | D:9      | 7519 ||| FLEEEEING.
  7520 | D:9      | 7520 ||| FLEEEEING.
  7521 | D:9      | 7521 ||| FLEEEEING.
  7522 | D:9      | 7522 ||| FLEEEEING.
  7523 | D:9      | 7523 ||| FLEEEEING.
  7524 | D:9      | 7524 ||| FLEEEEING.
  7525 | D:9      | 7525 ||| FLEEEEING.
  7526 | D:9      | 7526 ||| FLEEEEING.
  7527 | D:9      | 7527 ||| FLEEEEING.
  7528 | D:9      | 7528 ||| FLEEEEING.
  7529 | D:9      | 7529 ||| FLEEEEING.
  7530 | D:9      | 7530 ||| STAIRDANCE
  7625 | D:8      | 7625 ||| READING 2 scrolls of identify.
  7625 | D:8      | 7625 ||| IDENTIFYING grey potion
  7626 | D:8      | 7626 ||| DROPPING potion of ambrosia.
  7705 | D:9      | Reached skill level 15 in Ranged Weapons
  7812 | D:9      | 7812 ||| READING scroll of brand weapon.
  7812 | D:9      | 7812 ||| BRANDING +0 orcbow.
  8179 | D:9      | Found a staircase to the Orcish Mines.
  8195 | D:9      | 8195 ||| READING 2 scrolls of identify.
  8195 | D:9      | 8195 ||| IDENTIFYING pink potion
  8196 | D:9      | 8196 ||| DROPPING potion of invisibility.
  8230 | D:10     | Entered Level 10 of the Dungeon
  8230 | D:10     | Noticed Fannar
  8231 | D:10     | 8231 ||| INVOKING Heroism.
  8246 | D:10     | Killed Fannar
  8247 | D:10     | Reached skill level 16 in Ranged Weapons
  8252 | D:10     | 8252 ||| STAIRDANCE
  8254 | D:9      | 8254 ||| INVOKING Heroism.
  8357 | D:10     | 8357 ||| STAIRDANCE
  8359 | D:9      | 8359 ||| INVOKING Heroism.
  8488 | D:10     | Noticed a death yak
  8489 | D:10     | 8489 ||| INVOKING Heroism.
  8494 | D:10     | Noticed a cyan ugly thing
  8494 | D:10     | Noticed a death yak
  8498 | D:10     | Noticed a death yak
  8503 | D:10     | HP: 12/59 [cyan ugly thing (13)]
  8504 | D:10     | 8504 ||| READING 2 scrolls of teleportation.
  8504 | D:10     | Slain by a death yak

Levels and vault maps discovered:
D:1:      nzn_arrival_settlement, layout_basic,
          dreamdust_ecumenical_altar_sealed_demon, minmay_vboxes
D:2:      layout_rooms, basic_altar, serial_glass, glass_columns_a,
          glass_columns_a
D:3:      layout_rooms, uniq_jessica, uniq_ijyb, uniq_sigmund, uniq_robin
D:4:      layout_loops_ring, mainiacjoe_overflow_chevrons,
          minmay_temple_entry_enclosed_plants, minmay_bent
D:5:      layout_loops_ring, marbit_many_paths
D:6:      layout_gridville, nicolae_overflow_crystal_walls, serial_shops,
          nicolae_shop_tiny_real_fake_doors, nicolae_figureground_pulse
D:7:      layout_cave_pools, grunt_temple_overflow_open,
          mainiacjoe_overflow_divided_tiny, minmay_misc_feat_cross, st_stairs_8
D:8:      layout_basic, serial_bayou_lagoon_b, uniq_maurice
D:9:      layout_basic, kiku_gazebo_garden_becter, orc_0_dummy,
          serial_corexii_hall, corexii_hall_statues_x,
          chequers_hall_statues_corner_a
D:10:     layout_rooms, nicolae_wu_jian_wuxing_cycle, dpeg_lair_monsters,
          uniq_fannar, uniq_psyche
Temple:   nicolae_temple_x_marks_the_god

Skill      XL: |  1  2  3  4  5  6  7  8  9 10 |
---------------+-------------------------------+-----
Ranged Weapons | 6 7 9 10 12 13 14 16 | 16.0
Fighting       | 2 3 5 |  5.1
Dodging        | 3 4 7 8 |  8.4
Armour         | 1 3 |  3.0
Invocations    | 2 4 |  4.0
Stealth        | |  1.2

Action                     |  1- 3 |  4- 6 |  7- 9 | 10-12 || total
---------------------------+-------+-------+-------+-------++-------
   Fire: Shortbow          |   112 |   128 |   368 |       ||   608
         Orcbow            |       |       |       |   120 ||   120
 Invoke: Heroism           |       |       |    18 |     5 ||    23
    Use: Scroll            |     5 |     2 |     9 |     4 ||    20
         Potion            |     2 |       |     3 |       ||     5
 Armour: Leather armour    |     1 |       |       |       ||     1
         Scale mail        |    18 |     5 |       |       ||    23
         Ring mail         |       |     4 |    26 |    28 ||    58
  Dodge: Dodged            |    26 |    22 |    77 |    77 ||   202
  Block: Other             |       |     5 |    25 |    21 ||    51
         Reflection        |       |       |     2 |       ||     2

Table legend:
 A = Non-vault XP
 B = Vault XP
 C = Vault XP percentage of total XP
 D = Non-vault monster count
 E = Vault monster count
 F = Vault count percentage of total count
                 A         B        C        D         E       F
            +---------+---------+-------+---------+---------+-------
      Total |    6513 |    1824 |  21.9 |     166 |      30 |  15.3
            +---------+---------+-------+---------+---------+-------
        D:1 |      19 |       9 |  32.1 |      12 |       5 |  29.4
        D:2 |      49 |       0 |   0.0 |      19 |       0 |   0.0
        D:3 |      35 |     322 |  90.2 |      12 |      14 |  53.8
        D:4 |     401 |      14 |   3.4 |      19 |       7 |  26.9
        D:5 |     283 |      83 |  22.7 |      10 |       1 |   9.1
        D:6 |     886 |       0 |   0.0 |      26 |       0 |   0.0
        D:7 |     818 |      10 |   1.2 |      14 |       1 |   6.7
        D:8 |    1105 |     503 |  31.3 |      24 |       1 |   4.0
        D:9 |    2917 |       0 |   0.0 |      30 |       0 |   0.0
       D:10 |       0 |     883 | 100.0 |       0 |       1 | 100.0
            +---------+---------+-------+---------+---------+-------
